 Dungeon Crawl Stone Soup version 0.18-a0-1797-gc18daef (webtiles) character file.

70 4thArraOfDagon the Bolt Thrower (level 4, -3/33 HPs)
             Began as a Mummy Hunter on Apr 22, 2016.
             Slain by a gnoll
             ... wielding a +0 whip
              (5 damage)
             ... on level 3 of the Dungeon.
             The game lasted 00:03:20 (610 turns).

4thArraOfDagon the Bolt Thrower (Mummy Hunter)       Turns: 610, Time: 00:03:21

Health: -3/33      AC:  6    Str: 15    XL:     4   Next: 3%
Magic:  4/4        EV:  9    Int: 11    God:
Gold:   25         SH:  0    Dex: 12    Spells: 0 memorised, 3 levels left

rFire  x . .     SeeInvis .     a - +1 hand crossbow
rCold  + + .     Gourm    .     i - +0 scale mail
rNeg   + + +     Faith    .     (no shield)
rPois  ∞         Spirit   .     (no helmet)
rElec  .         Dismiss  .     (no cloak)
rCorr  .         Reflect  .     (no gloves)
SustAt .         Harm     .     (no boots)
MR     .....                    (no amulet)
Stlth  ..........               (no ring)
                                h - ring of protection from cold

@: not resistant to hostile enchantments, extremely unstealthy
A: no food or potions, fire vulnerability, cold resistance 1, negative energy
resistance 3, torment resistance, unbreathing
a: no special abilities


You were on level 3 of the Dungeon.
You were not hungry.

You visited 1 branch of the dungeon, and saw 3 of its levels.

You collected 25 gold pieces.

Inventory:

Hand Weapons
 a - a +1 hand crossbow (weapon)
 b - a +0 short sword
Missiles
 d - 31 bolts (quivered)
Armour
 c - a +0 leather armour
 i - a +0 scale mail (worn)
Jewellery
 h - a ring of protection from cold (left hand)
Scrolls
 e - 2 scrolls of identify {unknown}
 f - 4 scrolls of teleportation {unknown}
 g - 2 scrolls of remove curse {unknown}


   Skills:
 - Level 2.0 Fighting
 * Level 4.6 Crossbows
 - Level 1.5 Dodging
 - Level 0.7 Stealth


You had 3 spell levels left.
You didn't know any spells.

Dungeon Overview and Level Annotations

Branches:
Dungeon (3/15)

Altars:
Dithmenos
Fedhas
Kikubaaqudgha
Makhleb


Innate Abilities, Weirdness & Mutations

You do not eat or drink.
Your flesh is vulnerable to fire.
You are immune to poison.
Your flesh is cold resistant.
You are immune to negative energy.
You are immune to unholy pain and torment.
You can survive without breathing.


Message History

Firing (i - inventory):
d - 34 bolts (quivered)
Press: ? - help, Shift-Dir - straight line, f/p - gnoll
Aim: a gnoll, wielding a whip You shoot a bolt.
The bolt hits the gnoll!
The gnoll is almost dead.
The gnoll hits you with a whip.
* * * LOW HITPOINT WARNING * * *
Firing (i - inventory):
d - 33 bolts (quivered)
Press: ? - help, Shift-Dir - straight line, f/p - gnoll
Aim: a gnoll, wielding a whip (almost dead)
You shoot a bolt. The bolt closely misses the gnoll.
The gnoll hits you with a whip.
* * * LOW HITPOINT WARNING * * *
Unknown command.
Firing (i - inventory):
d - 32 bolts (quivered)
Press: ? - help, Shift-Dir - straight line, f/p - gnoll
Aim: a gnoll, wielding a whip (almost dead)
You shoot a bolt. The bolt barely misses the gnoll.
The gnoll hits you with a whip.
You die...

#####.###### #.#
#........g.###.#######
<......####.g†...(....#
##.##.. #####.#####.#
#g. #.# #.# #.. #.# #.#
..g #.# ##.# ....
#g####..####.# ...#
#.@..........#
######.####### ##
..##.# .. #.##.# ..
#.##.# ## #.##.# #
#.##.# # ....
##.##.###### # .$..
#............


You could see a gnoll.

Vanquished Creatures
  A gnoll (D:3)
  3 adders
  A dart slug (D:2)
  A giant gecko (D:3)
  6 orcs (D:3)
  A giant cockroach (D:2)
  2 goblins
  2 hobgoblins (D:3)
  A jackal (D:3)
  A quokka (D:2)
  A ball python (D:3)
  A giant newt (D:3)
  3 kobolds (D:2)
24 creatures vanquished.

Notes
Turn   | Place    | Note
--------------------------------------------------------------
     0 | D:1      | 4thArraOfDagon the Mummy Hunter began the quest for the Orb.
     0 | D:1      | Reached XP level 1. HP: 16/16 MP: 1/1
    69 | D:2      | Reached XP level 2. HP: 22/22 MP: 2/2
   240 | D:2      | Found a shadowy altar of Dithmenos.
   245 | D:2      | Found an ancient bone altar of Kikubaaqudgha.
   247 | D:2      | Found a blossoming altar of Fedhas.
   273 | D:3      | Reached skill level 4 in Crossbows
   338 | D:3      | Reached XP level 3. HP: 20/27 MP: 3/3
   466 | D:3      | Found a burning altar of Makhleb.
   603 | D:3      | Reached XP level 4. HP: 20/33 MP: 4/4
   609 | D:3      | HP: 1/33 [gnoll/whip (5)]
   610 | D:3      | Slain by a gnoll

Vault maps used:
D:1:      saegor_arrival_under_anarchy
D:2:      okawaru_ov_weapons_minmay, marbit_many_paths,
          gammafunk_temple_overflow_forgotten, uniq_crazy_yiuf_cottage
D:3:      grunt_qazlal_sundering, old_standard_altar, uniq_sigmund

Skill      XL: |  1  2 |
---------------+-------+-----
Crossbows      | 4 |  4.6
Fighting       | |  2.0
Dodging        | |  1.5
Stealth        | |  0.7

Action                   |  1- 3 |  4- 6 || total
-------------------------+-------+-------++-------
Melee: Short sword       |    65 |       ||    65
 Fire: Hand crossbow     |    34 |     7 ||    41
 Stab: Sleeping          |     1 |       ||     1
Armor: Leather armour    |    15 |       ||    15
       Scale mail        |    19 |       ||    19
Dodge: Dodged            |    40 |       ||    40
